AA SOUTH
BILOXI SHUCKERS @ MISSISSIPPI BRAVES
08/01/2041
 
TOP OF THE 1ST
Biloxi Shuckers batting - Pitching for Mississippi Braves : RHP Jerry Ruíz
Pitching: RHP Jerry Ruíz
Batting: RHB Jeff Huff 0-0: Called Strike
0-1: Ground out 6-3 (Groundball, 6, EV 83.1 MPH)
Batting: RHB Héctor Takahashi 0-0: DOUBLE (Line Drive, 89D, EV 103.8 MPH)
Batting: LHB Jorge Peralas 0-0: Ball
1-0: Called Strike
1-1: Ball
2-1: Ball
3-1: Base on Balls
Batting: LHB Chan-ho Nam 0-0: Ball
1-0: Ball
2-0: Ball
3-0: Base on Balls
Héctor Takahashi to third
Jorge Peralas to second
Batting: SHB Joe Campbell 0-0: Foul Ball, location: 3F
0-1: Ball
1-1: Ball
2-1: DOUBLE (Flyball, 78XD, EV 96.3 MPH)
Héctor Takahashi scores
Jorge Peralas scores
Chan-ho Nam to third
Batting: LHB Jesús Jiménez 0-0: Ball
1-0: Called Strike
1-1: Ground out 5-3 (Groundball, 5L, EV 104.4 MPH)
Chan-ho Nam scores
Batting: RHB Bobby McClure 0-0: Ball
Wild Pitch!
Joe Campbell to third
1-0: Ball
2-0: Foul Ball, location: 2F
2-1: Ground out 6-3 (Groundball, 6, EV 82.5 MPH)
Top of the 1st over - 3 runs, 2 hits, 0 errors, 1 left on base; Biloxi 3 - Mississippi 0
BOTTOM OF THE 1ST
Mississippi Braves batting - Pitching for Biloxi Shuckers : RHP Ron Curry
Pitching: RHP Ron Curry
Batting: LHB Octávio Méndez 0-0: Called Strike
0-1: Ball
1-1: Foul Ball, location: 2F
1-2: DOUBLE (Flyball, 78D, EV 110.0 MPH)
Batting: LHB Jorge Guevara 0-0: Ball
1-0: Swinging Strike
1-1: Fly out, F8 (Flyball, 8LM, EV 87.5 MPH)
Batting: LHB Jim Hammer 0-0: Foul Ball, location: 7LSF
0-1: Swinging Strike
0-2: Foul Ball, location: 3FF
0-2: Ball
1-2: Strikes out swinging
Batting: RHB Kevin Dooley 0-0: Swinging Strike
0-1: Swinging Strike
0-2: Strikes out swinging
Bottom of the 1st over - 0 runs, 1 hit, 0 errors, 1 left on base; Biloxi 3 - Mississippi 0
TOP OF THE 2ND
Biloxi Shuckers batting - Pitching for Mississippi Braves : RHP Jerry Ruíz
Batting: LHB Clement Santegoeds 0-0: Ball
1-0: Ball
2-0: SINGLE (Flyball, 5D, EV 87.5 MPH)
Batting: LHB Cisco Fierro 0-0: Called Strike
0-1: Bunted foul
0-2: Grounds into double play, 1-6-3 (Groundball, 13S, EV 71.3 MPH)
Batting: RHB Jeff Huff 0-0: Foul Ball, location: 23F
0-1: Ball
1-1: Ball
2-1: DOUBLE (Flyball, 8RXD, EV 96.9 MPH)
Batting: RHB Héctor Takahashi 0-0: Called Strike
0-1: Swinging Strike
0-2: Hit by Pitch
Batting: LHB Jorge Peralas 0-0: Ball
1-0: Ball
2-0: SINGLE (Line Drive, 8LS, EV 104.4 MPH)
Jeff Huff to third
Héctor Takahashi to second
Runner from 3rd tries for Home, SAFE, throw by CF to home
Batting: LHB Chan-ho Nam 0-0: Foul Ball, location: 9LSF
0-1: Fly out, F8 (Line Drive, 8LM, EV 106.3 MPH)
Top of the 2nd over - 1 run, 3 hits, 0 errors, 2 left on base; Biloxi 4 - Mississippi 0
BOTTOM OF THE 2ND
Mississippi Braves batting - Pitching for Biloxi Shuckers : RHP Ron Curry
Batting: RHB Darryl Hayes 0-0: Called Strike
0-1: Ball
1-1: Foul Ball, location: 9LSF
1-2: Ball
2-2: Foul Ball, location: 23F
2-2: Ball
3-2: Foul Ball, location: 2F
3-2: Foul Ball, location: 2F
3-2: SINGLE (Line Drive, 3D, EV 97.5 MPH)
Batting: SHB Tsuginori Koike 0-0: Ball
1-0: Ball
2-0: Bunted foul
2-1: Bunted foul
2-2: Fly out, F8 (Flyball, 8RD, EV 83.1 MPH)
Batting: LHB Augusto Rivera 0-0: Ball
1-0: Ball
2-0: Called Strike
2-1: Foul Ball, location: 2F
2-2: Fielders Choice at 2nd, 1-6 (Groundball, 13S, EV 61.9 MPH)
Batting: RHB José Vargas 0-0: Ball
1-0: Foul Ball, location: 9LSF
1-1: Ball
2-1: Fly out, F8 (Flyball, 8RD, EV 105.0 MPH)
Bottom of the 2nd over - 0 runs, 1 hit, 0 errors, 1 left on base; Biloxi 4 - Mississippi 0
TOP OF THE 3RD
Biloxi Shuckers batting - Pitching for Mississippi Braves : RHP Jerry Ruíz
Batting: SHB Joe Campbell 0-0: Foul Ball, location: 2RF
0-1: Swinging Strike
0-2: Fly out, F9 (Flyball, 9, EV 83.8 MPH)
Batting: LHB Jesús Jiménez 0-0: Ball
1-0: Fly out, F5 (Popup, 5SF, EV 81.3 MPH)
Batting: RHB Bobby McClure 0-0: Called Strike
0-1: Called Strike
0-2: Strikes out swinging
Top of the 3rd over - 0 runs, 0 hits, 0 errors, 0 left on base; Biloxi 4 - Mississippi 0
BOTTOM OF THE 3RD
Mississippi Braves batting - Pitching for Biloxi Shuckers : RHP Ron Curry
Batting: RHB Luis Morán 0-0: Ball
1-0: Ground out 6-3 (Groundball, 6, EV 101.9 MPH)
Batting: LHB Octávio Méndez 0-0: Ground out 6-3 (Groundball, 6, EV 90.6 MPH)
Batting: LHB Jorge Guevara 0-0: Ground out 4-3 (Groundball, 4MD, EV 96.9 MPH)
Bottom of the 3rd over - 0 runs, 0 hits, 0 errors, 0 left on base; Biloxi 4 - Mississippi 0
TOP OF THE 4TH
Biloxi Shuckers batting - Pitching for Mississippi Braves : RHP Jerry Ruíz
Batting: LHB Clement Santegoeds 0-0: Called Strike
0-1: Ball
1-1: Called Strike
1-2: Strikes out swinging
Batting: LHB Cisco Fierro 0-0: Fly out, F5 (Line Drive, 5L, EV 75.6 MPH)
Batting: RHB Jeff Huff 0-0: Ball
1-0: Ball
2-0: Called Strike
2-1: Ball
3-1: Foul Ball, location: 2RF
3-2: Foul Ball, location: 3FF
3-2: Fly out, F5 (Popup, 56S, EV 85.0 MPH)
Top of the 4th over - 0 runs, 0 hits, 0 errors, 0 left on base; Biloxi 4 - Mississippi 0
BOTTOM OF THE 4TH
Mississippi Braves batting - Pitching for Biloxi Shuckers : RHP Ron Curry
Batting: LHB Jim Hammer 0-0: Ball
1-0: Called Strike
1-1: Foul Ball, location: 3F
1-2: Strikes out swinging
Batting: RHB Kevin Dooley 0-0: Foul Ball, location: 9LSF
0-1: Swinging Strike
0-2: Ball
1-2: Ground out 5-3 (Groundball, 5S, EV 71.3 MPH)
Batting: RHB Darryl Hayes 0-0: Called Strike
0-1: Foul Ball, location: 3F
0-2: Ball
1-2: Ground out 6-3 (Groundball, 6, EV 104.4 MPH)
Bottom of the 4th over - 0 runs, 0 hits, 0 errors, 0 left on base; Biloxi 4 - Mississippi 0
TOP OF THE 5TH
Biloxi Shuckers batting - Pitching for Mississippi Braves : RHP Jerry Ruíz
Batting: RHB Héctor Takahashi 0-0: Ball
1-0: Called Strike
1-1: Ball
2-1: Fly out, F5 (Line Drive, 5L, EV 63.1 MPH)
Batting: LHB Jorge Peralas 0-0: Ball
1-0: Ball
2-0: Called Strike
2-1: SINGLE (Groundball, 4D, EV 103.8 MPH)
Batting: LHB Chan-ho Nam 0-0: Ball
1-0: Foul Ball, location: 7LSF
1-1: Ball
2-1: Ball
3-1: Called Strike
3-2: Base on Balls
Jorge Peralas to second
Batting: SHB Joe Campbell 0-0: Ball
1-0: Ball
2-0: Called Strike
2-1: Called Strike
2-2: Foul Ball, location: 23F
2-2: Foul Ball, location: 25F
2-2: SINGLE (Line Drive, 56, EV 101.9 MPH)
Jorge Peralas to third
Chan-ho Nam to second
Batting: LHB Jesús Jiménez 0-0: Grounds into double play, 4-6-3 (Groundball, 4, EV 81.9 MPH)
Top of the 5th over - 0 runs, 2 hits, 0 errors, 2 left on base; Biloxi 4 - Mississippi 0
BOTTOM OF THE 5TH
Mississippi Braves batting - Pitching for Biloxi Shuckers : RHP Ron Curry
Batting: SHB Tsuginori Koike 0-0: Swinging Strike
0-1: Ball
1-1: Foul Ball, location: 25FF
1-2: Foul Ball, location: 2F
1-2: DOUBLE (Line Drive, 89D, EV 98.1 MPH)
Batting: LHB Augusto Rivera 0-0: Ball
1-0: Foul Ball, location: 9LSF
1-1: Ground out U3 (Groundball, 3, EV 81.9 MPH)
Tsuginori Koike to third
Batting: RHB José Vargas 0-0: Called Strike
0-1: Ball
1-1: SINGLE (Line Drive, 4D, EV 98.1 MPH)
Tsuginori Koike scores
Batting: RHB Luis Morán 0-0: Ball
1-0: Ball
2-0: Fly out, F9 (Flyball, 89S, EV 77.5 MPH)
Batting: LHB Octávio Méndez 0-0: Ball
José Vargas steals 2nd base (no throw)
1-0: Ball
2-0: Ground out U3 (Groundball, 3, EV 106.9 MPH)
Bottom of the 5th over - 1 run, 2 hits, 0 errors, 1 left on base; Biloxi 4 - Mississippi 1
TOP OF THE 6TH
Biloxi Shuckers batting - Pitching for Mississippi Braves : RHP Jerry Ruíz
Batting: RHB Bobby McClure 0-0: Ball
1-0: Called Strike
1-1: Ground out 6-3 (Groundball, 6, EV 91.3 MPH)
Batting: LHB Clement Santegoeds 0-0: Ball
1-0: Foul Ball, location: 2F
1-1: Foul Ball, location: 9LSF
1-2: Ball
2-2: Fly out, F7 (Flyball, 7LS, EV 93.1 MPH)
Batting: LHB Cisco Fierro 0-0: Called Strike
0-1: Ground out 6-3 (Groundball, 6, EV 88.8 MPH)
Top of the 6th over - 0 runs, 0 hits, 0 errors, 0 left on base; Biloxi 4 - Mississippi 1
BOTTOM OF THE 6TH
Mississippi Braves batting - Pitching for Biloxi Shuckers : RHP Ron Curry
Batting: LHB Jorge Guevara 0-0: Ball
1-0: Ground out 1-3 (Groundball, 34S, EV 67.5 MPH)
Batting: LHB Jim Hammer 0-0: Swinging Strike
0-1: Ball
1-1: Ball
2-1: Fly out, F8 (Flyball, 78M, EV 93.1 MPH)
Batting: RHB Kevin Dooley 0-0: Called Strike
0-1: Ground out 5-3 (Groundball, 15, EV 86.9 MPH)
Bottom of the 6th over - 0 runs, 0 hits, 0 errors, 0 left on base; Biloxi 4 - Mississippi 1
TOP OF THE 7TH
Biloxi Shuckers batting - Pitching for Mississippi Braves : RHP Jerry Ruíz
Pitching: RHP Joe Wellesley
Batting: RHB Jeff Huff 0-0: Ball
1-0: Ball
2-0: Called Strike
2-1: Swinging Strike
2-2: Foul Ball, location: 9LDF
2-2: Strikes out swinging
Batting: RHB Héctor Takahashi 0-0: Ball
1-0: Called Strike
1-1: Foul Ball, location: 25F
1-2: Ball
2-2: Foul Ball, location: 2F
2-2: Strikes out swinging
Batting: LHB Jorge Peralas 0-0: Called Strike
0-1: Called Strike
0-2: Ball
1-2: Strikes out swinging
Top of the 7th over - 0 runs, 0 hits, 0 errors, 0 left on base; Biloxi 4 - Mississippi 1
BOTTOM OF THE 7TH
Mississippi Braves batting - Pitching for Biloxi Shuckers : RHP Ron Curry
Batting: RHB Darryl Hayes 0-0: Foul Ball, location: 2F
0-1: Hit by Pitch
Batting: SHB Tsuginori Koike 0-0: Called Strike
0-1: Ball
1-1: Ball
2-1: Ball
3-1: Base on Balls
Darryl Hayes to second
Batting: LHB Augusto Rivera 0-0: Ball
1-0: Called Strike
1-1: Fly out, F9 (Flyball, 9LSF, EV 80.6 MPH)
Pinch Hitting: LHB Luis Ramírez 0-0: Called Strike
0-1: Grounds into double play, 1-4-3 (Groundball, 15S, EV 69.4 MPH)
Bottom of the 7th over - 0 runs, 0 hits, 0 errors, 1 left on base; Biloxi 4 - Mississippi 1
TOP OF THE 8TH
Biloxi Shuckers batting - Pitching for Mississippi Braves : RHP Joe Wellesley
Now at 2B: Juan Magana
Batting: LHB Chan-ho Nam 0-0: Ball
1-0: Called Strike
1-1: Called Strike
1-2: Strikes out swinging
Batting: SHB Joe Campbell 0-0: Ball
1-0: Ground out 4-3 (Groundball, 4M, EV 105.6 MPH)
Batting: LHB Jesús Jiménez 0-0: Foul Ball, location: 2F
0-1: DOUBLE (Groundball, 3L, EV 101.9 MPH)
Batting: RHB Bobby McClure 0-0: Called Strike
0-1: Ball
1-1: SINGLE (Line Drive, 7S, EV 96.9 MPH)
Jesús Jiménez to third
Batting: LHB Clement Santegoeds 0-0: Ball
1-0: Called Strike
1-1: Ball
Bobby McClure is caught stealing 2nd base 2-6
Top of the 8th over - 0 runs, 2 hits, 0 errors, 1 left on base; Biloxi 4 - Mississippi 1
BOTTOM OF THE 8TH
Mississippi Braves batting - Pitching for Biloxi Shuckers : RHP Ron Curry
Now in LF: Bobby McClure
Now in CF: Jeff Huff
Now in RF: Jerry Hobbs
Batting: RHB Luis Morán 0-0: Ground out U3 (Groundball, 13, EV 83.1 MPH)
Batting: LHB Octávio Méndez 0-0: Called Strike
0-1: Ball
1-1: Swinging Strike
1-2: Ball
2-2: Foul Ball, location: 2F
2-2: Ball
3-2: Foul Ball, location: 3F
3-2: Ground out 6-3 (Groundball, 56, EV 86.3 MPH)
Batting: LHB Jorge Guevara 0-0: Ball
1-0: Ground out 4-3 (Groundball, 4, EV 81.3 MPH)
Bottom of the 8th over - 0 runs, 0 hits, 0 errors, 0 left on base; Biloxi 4 - Mississippi 1
TOP OF THE 9TH
Biloxi Shuckers batting - Pitching for Mississippi Braves : RHP Joe Wellesley
Pitching: RHP Oscar Baumgardener
Batting: LHB Clement Santegoeds 0-0: Ball
1-0: Called Strike
1-1: Ball
2-1: Ball
3-1: Fly out, F8 (Flyball, 8RD, EV 92.5 MPH)
Batting: LHB Cisco Fierro 0-0: Foul Ball, location: 2F
0-1: Called Strike
0-2: Ball
1-2: Foul Ball, location: 2F
1-2: Foul Ball, location: 7LMF
1-2: Strikes out swinging
Batting: RHB Jeff Huff 0-0: Called Strike
0-1: Ground out 6-3 (Groundball, 56, EV 104.4 MPH)
Top of the 9th over - 0 runs, 0 hits, 0 errors, 0 left on base; Biloxi 4 - Mississippi 1
BOTTOM OF THE 9TH
Mississippi Braves batting - Pitching for Biloxi Shuckers : RHP Ron Curry
Pitching: RHP Steve Jobson
Now at 1B: José Hernández
Now in LF: Jeff Huff
Now in CF: Leo Anderson
Batting: LHB Jim Hammer 0-0: Ball
1-0: Called Strike
1-1: Fly out, F7 (Flyball, 7S, EV 82.5 MPH)
Pinch Hitting: LHB Phil Veeck 0-0: Foul Ball, location: 2F
0-1: Ball
1-1: Foul Ball, location: 2F
1-2: Ball
2-2: Foul Ball, location: 3F
2-2: Fly out, F4 (Line Drive, 4M, EV 71.3 MPH)
Batting: RHB Darryl Hayes 0-0: DOUBLE (Flyball, 9LM, EV 103.8 MPH)
Batting: SHB Tsuginori Koike 0-0: Called Strike
0-1: Ball
1-1: Called Strike
1-2: Ground out 4-3 (Groundball, 4, EV 76.9 MPH)
Bottom of the 9th over - 0 runs, 1 hit, 0 errors, 1 left on base; Biloxi 4 - Mississippi 1
Monday, April 1st , 2024 - OOTP Baseball 24.10 Build 82